 Dungeon Crawl Stone Soup version 0.21.1-1-g345015fe64 (webtiles) character file.

67518 P0NYSLAYSTATION the Carver (level 15, -5/134 HPs)
             Began as a Hill Orc Fighter on June 17, 2018.
             Was the Champion of Beogh.
             Killed by drain life
             ... invoked by a soul eater
             ... summoned by an orc high priest
              (8 damage)
             ... on level 2 of the Orcish Mines on June 19, 2018.
             The game lasted 03:18:27 (24912 turns).

P0NYSLAYSTATION the Carver (Hill Orc Fighter)      Turns: 24912, Time: 03:18:28

Health: -5/134     AC: 26    Str: 28    XL:     15   Next: 23%
Magic:  18/18      EV:  9    Int:  5    God:    Beogh [******]
Gold:   990        SH:  0    Dex: 12    Spells: 13/14 levels left

rFire    + . .     SeeInvis .   p - +4 scimitar of Tartarus {slice, rElec MR+ Int-3 Stlth+}
rCold    + . .     Gourm    .   (no shield)
rNeg     + . .     Faith    +   o - +4 plate armour
rPois    .         Spirit   .   R - +2 helmet
rElec    +         Reflect  .   j - scarf {rC+ rF+}
rCorr    .         Harm     .   q - +0 pair of gloves {archery}
MR       ++...                  e - +0 pair of boots
Stlth    ..........             G - amulet of faith
HPRegen  0.32/turn              y - +4 ring of strength
MPRegen  0.16/turn              S - ring of positive energy

@: drained
A: walk on water, subdued magic 1
a: Smiting, Recall Orcish Followers, Give Item to Named Follower, Resurrection,
Renounce Religion


You were on level 2 of the Orcish Mines.
You worshipped Beogh.
Beogh was exalted by your worship.
You were hungry.

You visited 4 branches of the dungeon, and saw 23 of its levels.
You visited the Abyss 1 time.
You also visited: Bailey.

You collected 2152 gold pieces.
You spent 1162 gold pieces at shops.

Inventory:

Hand Weapons
 c - the +1 hand axe "Orc's Peril" {flame, rN+ Dex+2 Stlth+}
   (You found it on level 1 of the Lair of Beasts)

   It has been specially enchanted to burn those struck by it, causing extra
   injury to most foes and up to half again as much damage against particularly
   susceptible opponents.
   Big, fiery blades are also staple armaments of hydra-hunters.
   It affects your dexterity (+2).
   It protects you from negative energy.
   It makes you more stealthy.
 d - a +0 hand axe of flaming
 g - a cursed -1 rapier
 h - a +2 flail of protection
 p - the +4 scimitar of Tartarus (weapon) {slice, rElec MR+ Int-3 Stlth+}
   (You found it on level 1 of the Lair of Beasts)

   It inflicts extra damage upon your enemies.
   It affects your intelligence (-3).
   It insulates you from electricity.
   It affects your resistance to hostile enchantments.
   It makes you more stealthy.
 A - a +0 vampiric short sword
 C - a +4 great sword of freezing
 K - a +0 war axe of electrocution
 M - the +1 long sword "Gorhol" {freeze, rElec}
   (You found it on level 6 of the Lair of Beasts)

   It has been specially enchanted to freeze those struck by it, causing extra
   injury to most foes and up to half again as much damage against particularly
   susceptible opponents.
   It can also slow down cold-blooded creatures.
   It insulates you from electricity.
 Q - a +1 battleaxe of flaming
 T - a +6 battleaxe of chopping
Missiles
 i - 3 throwing nets
 s - 9 javelins (quivered)
Armour
 e - a +0 pair of boots (worn)
 j - a scarf of resistance (worn)
 l - a +1 chain mail of fire resistance
 o - a +4 plate armour (worn)
 q - a +0 pair of gloves of archery (worn)
 r - a +1 shield of protection
 x - a +4 chain mail of magic resistance
 z - a +3 ring mail
 I - the +0 chain mail of Eternal Vigilance {+Fly rElec rF-}
   (You found it on level 6 of the Dungeon)

   It makes you vulnerable to fire.
   It insulates you from electricity.
   It lets you fly.
 R - a +2 helmet (worn)
Jewellery
 b - an uncursed ring of ice
 y - a +4 ring of strength (left hand)
 D - an uncursed ring of fire
 G - an amulet of faith (around neck)
 S - a ring of positive energy (right hand)
 W - an uncursed ring of stealth
Wands
 a - a wand of digging (16)
 n - a wand of enslavement (10)
 B - a wand of flame (62)
 F - a wand of iceblast (14)
 J - a wand of disintegration (37)
 N - a wand of paralysis (33)
 P - a wand of scattershot (6)
 V - a wand of acid (7)
Scrolls
 k - 10 scrolls of teleportation
 m - 4 scrolls of fear
 v - a scroll of fog
 E - a scroll of blinking
 O - a scroll of enchant weapon
 U - a scroll of summoning
 X - 2 scrolls of magic mapping
 Y - 5 scrolls of remove curse
Potions
 t - 2 potions of curing
 u - 2 potions of flight
 w - 2 potions of might
 H - a potion of magic
 Z - 2 potions of heal wounds
Comestibles
 f - 36 rations


   Skills:
 + Level 12.9(12.7) Fighting
 + Level 13.7(13.5) Long Blades
 + Level 5.7(10.3) Axes
 + Level 11.5(11.7) Maces & Flails
 + Level 1.2(1.0) Throwing
 + Level 13.7(13.5) Armour
 + Level 3.6(3.4) Dodging
 + Level 4.1(3.9) Stealth
 + Level 10.9(10.7) Shields
 + Level 4.9(4.7) Invocations
 + Level 1.5(1.3) Evocations


You had 13 spell levels left.
You knew the following spells:

 Your Spells              Type           Power        Failure   Level  Hunger
a - Infusion              Chrm           #...         97%         1    ##.....


Dungeon Overview and Level Annotations

Branches:
Dungeon (14/15)            Temple (1/1) D:5            Lair (6/6) D:9
  Swamp (0/4) Lair:2        Snake (0/4) Lair:3        Slime (0/5) Lair:6
    Orc (2/2) D:9             Elf (0/3) Orc:2
 Vaults: D:13-14

Altars:
Ashenzari
Cheibriados
Dithmenos
Elyvilon
Fedhas
Gozag
Hepliaklqana
Kikubaaqudgha
Makhleb
Nemelex Xobeh
Okawaru
Qazlal
Ru
Sif Muna
Uskayaw
Vehumet
Wu Jian
Xom
Yredelemnul
Zin
The Shining One
Beogh

Shops:
D:6 *   D:12 :::*   D:13 *   Orc:2 !*


Innate Abilities, Weirdness & Mutations

You can walk on water.
Your spells are a little easier to cast, but a little less powerful.


Message History

The orc priest looks satisfied for a moment.
The orc high priest hits your orc knight with a glaive!
Items here: )) [[ †† You feel much better.
The smoke demon closely misses your orc warrior.
The smoke demon hits your orc warrior.
The smoke demon hits your orc warrior but does no damage.
Your orc knight hits the orc warrior but does no damage.
The ice devil hits you but does no damage.
Your orc priest hits the soul eater but does no damage.
The smoke demon gestures at you. Beogh smites you!
* * * LOW HITPOINT WARNING * * *
The orc priest calls down the wrath of Beogh upon you.
Beogh smites you!
* * * LOW HITPOINT WARNING * * *
Your orc warrior closely misses the orc warrior.
The soul eater draws from the surrounding life force!
You die...
Beogh appreciates the soul eater's killing of a heretic priest.

....##........###..#.#...))#)#..#
.#...........###.o##o...#...[##..
............###o.###o..###...###.
.........###oo###..o## ##...###
##...o..)##..###.oo## ##... #
##...ooooooo.###ooo## ##...
#.....oo.o..###.oo## #...
###......o..###.#o## #.
.#...oo.#..###..@##
.##....###..###o#4# ..##...# ##.#
##))o# ..#.#.## ## ##ooo# .#.####
##.o3# # .### #433# ## ## #..o.
#. # #.#.. #.. #... ##...


You could see a soul eater, an orc high priest, an ice devil, a rust devil, 2
smoke demons, an orc priest, 2 friendly orc knights, 5 friendly orc warriors, 2
friendly orc priests, 4 friendly orc wizards and 3 friendly orcs.

Vanquished Creatures
  Kirke (D:13)
  Harold (D:10)
  Erolcha (D:10)
  A hydra (Lair:4)
  A catoblepas (Lair:6)
  An ogre mage (D:10)
  3 two-headed ogres
  6 death yaks
  The ghost of CaptDreibein the Cleaver, a novice DsFi of Makhleb (D:8)
  A sixfirhy (Orc:2)
  A fire crab (Lair:5)
  An unseen horror (shapeshifter) (D:14)
  An unseen horror (D:14)
  3 orc knights
  A lindwurm (Lair:6)
  3 ugly things
  An orc sorcerer (Bailey)
  2 manticores (D:13)
  6 deep elf magi (D:12)
  2 elephants (Lair:5)
  5 black mambas
  A gargoyle (D:14)
  5 spiny frogs
  An orange demon (Orc:2)
  A kobold demonologist (Bailey)
  4 komodo dragons
  An efreet (D:13)
  A tengu conjurer (D:12)
  A troll (shapeshifter) (D:14)
  2 trolls (D:11)
  3 polar bears (Lair:6)
  3 hippogriffs
  A slime creature (Lair:6)
  A blink frog (Lair:6)
  4 dream sheep (Lair:6)
  A shadow (D:14)
  4 spriggans (Lair:6)
  3 vampires
  A human (D:10)
  A wyvern (Lair:3)
  6 hogs (D:13)
  20 yaks
  2 basilisks
  3 hungry ghosts
  A vampire mosquito (D:12)
  4 wargs
  Edmund (D:4)
  8 water moccasins
  7 porcupines
  Purgy (D:4)
  10 orc warriors
  An eye of draining (D:14)
  A phantom (D:9)
  3 ice beasts
  12 ogres
  A black bear (D:8)
  2 boggarts (Lair:6)
  5 wolves
  2 centaurs
  3 crocodiles
  13 bullfrogs
  A gnoll sergeant (D:9)
  2 scorpions
  8 killer bees
  7 wights
  6 electric eels
  A howler monkey (D:14)
  7 crimson imps
  9 jellies
  3 hounds
  A bullfrog skeleton (D:5)
  3 orc priests
  4 centaur skeletons
  A gnoll shaman (D:4)
  Ijyb (D:4)
  4 orc wizards
  12 worker ants
  A howler monkey zombie (D:7)
  A worker ant zombie (D:8)
  16 gnolls
  A howler monkey skeleton (D:6)
  12 adders
  4 shadow imps
  An adder zombie (D:5)
  An adder skeleton (D:7)
  3 worms
  2 dart slugs (D:2)
  4 leopard geckos
  14 orcs
  A ball python (D:1)
  10 bats
  9 giant cockroaches
  12 goblins
  12 hobgoblins
  3 iguanas
  6 jackals
  7 kobolds
  9 quokkas
  4 frilled lizards
  A giant cockroach zombie (D:6)
  A leopard gecko skeleton (D:5)
  A quokka skeleton (D:6)
  7 rats
  A plant (Lair:4)
402 creatures vanquished.

Vanquished Creatures (collateral kills)
  Gastronok (D:9)
  Snorg (Lair:5)
  An ettin (Orc:1)
  The ghost of aragog127 the Grappler, a journeyman TrBe of Trog (D:10)
  A catoblepas (Lair:2)
  2 hydras
  A centaur warrior (D:13)
  A tengu warrior (D:12)
  3 two-headed ogres
  3 death yaks (Lair:4)
  Urug (Lair:4)
  9 spriggans (Lair:6)
  A lindwurm (Lair:5)
  3 deep elf magi (D:12)
  A cyclops (D:13)
  An orc knight (Orc:1)
  An orc sorcerer (Orc:2)
  3 slime creatures (D:12)
  An ugly thing (D:12)
  A black mamba (Lair:4)
  2 elephants (Lair:5)
  A rust devil (Orc:2)
  A torpor snail (Lair:6)
  13 spiny frogs
  A centaur skeleton (D:14)
  A rime drake (Lair:4)
  4 komodo dragons
  4 trolls
  A merfolk (D:10)
  A polar bear (Lair:2)
  5 hornets (Lair:6)
  9 dream sheep (Lair:6)
  6 blink frogs (Lair:6)
  5 hippogriffs
  23 yaks
  2 wyverns
  A shadow (D:12)
  2 basilisks
  A chaos spawn (Orc:2)
  Grum (D:10)
  7 vampire mosquitoes
  2 nagas (Lair:3)
  2 wargs
  A soldier ant (D:10)
  7 water moccasins
  3 porcupines
  5 black bears
  5 orc warriors
  A sky beast (D:11)
  2 boggarts (Lair:6)
  30 wolves
  An ogre (D:9)
  3 centaurs
  9 crocodiles
  5 bullfrogs
  A scorpion (D:6)
  3 killer bees
  4 wights (D:6)
  An electric eel (Lair:2)
  3 crimson imps
  A bullfrog zombie (D:12)
  2 jellies
  2 orc priests
  A gnoll shaman (D:7)
  6 orc wizards
  5 worker ants
  A hound skeleton (D:11)
  4 gnolls
  A worker ant zombie (D:7)
  2 adders
  An adder zombie (D:9)
  8 orcs
  2 goblins (Bailey)
  A jackal (D:8)
  A quokka (D:10)
  A bat (D:13)
  A bush (Lair:4)
  9 fungi
  9 plants
274 creatures vanquished.

Vanquished Creatures (others)
  An orc sorcerer (Orc:2)
  An orc knight (Bailey)
  17 orc warriors
  4 orc wizards
  An electric eel (D:12)
  13 orc priests
  45 orcs
  A bush (Lair:6)
  23 fungi
  8 plants (Lair:6)
114 creatures vanquished.

Grand Total: 790 creatures vanquished

Notes
Turn   | Place    | Note
-------+----------+-------------------------------------------
     0 | D:1      | P0NYSLAYSTATION the Hill Orc Fighter began the quest for the Orb.
     0 | D:1      | Reached XP level 1. HP: 19/19 MP: 1/1
   223 | D:2      | Reached XP level 2. HP: 26/27 MP: 2/2
   384 | D:2      | Reached XP level 3. HP: 29/33 MP: 3/3
   403 | D:3      | Noticed an orc warrior
   403 | D:3      | Became a worshipper of Beogh the Brigand
   793 | D:2      | Found a stormy altar of Qazlal.
   988 | D:2      | Reached XP level 4. HP: 39/40 MP: 4/4
  1203 | D:2      | Reached * piety under Beogh
  2012 | D:4      | Noticed an ogre
  2022 | D:4      | Killed an ogre
  2022 | D:4      | Reached XP level 5. HP: 25/47 MP: 5/5
  2191 | D:4      | Noticed Purgy
  2208 | D:4      | Killed Purgy
  2208 | D:4      | Reached skill level 1 in Dodging
  2208 | D:4      | Reached XP level 6. HP: 39/53 MP: 6/6
  2216 | D:4      | Noticed Edmund
  2237 | D:4      | Killed Edmund
  2237 | D:4      | Reached skill level 5 in Long Blades
  2241 | D:4      | Reached skill level 5 in Shields
  2241 | D:4      | Reached XP level 7. HP: 31/60 MP: 7/7
  2276 | D:4      | Reached skill level 5 in Fighting
  2276 | D:4      | Reached skill level 1 in Maces & Flails
  2652 | D:4      | Reached ** piety under Beogh
  2729 | D:5      | Entered Level 5 of the Dungeon
  2818 | D:5      | Reached skill level 5 in Armour
  2990 | D:5      | Reached XP level 8. HP: 69/70 MP: 8/8
  3178 | D:5      | You fall through a shaft!
  3405 | D:5      | Found a shimmering altar of Xom.
  3715 | D:5      | Found a staircase to the Ecumenical Temple.
  3749 | Temple   | Entered the Ecumenical Temple
  4598 | D:8      | Noticed CaptDreibein's ghost (novice DsFi)
  4826 | D:8      | Reached skill level 5 in Maces & Flails
  4852 | D:8      | Killed CaptDreibein's ghost
  4852 | D:8      | Reached skill level 1 in Stealth
  4852 | D:8      | Reached XP level 9. HP: 24/78 MP: 9/9
  5153 | D:9      | Reached *** piety under Beogh
  5210 | D:9      | Found a roughly hewn altar of Beogh.
  5210 | D:9      | Found a staircase to the Orcish Mines.
  5602 | D:8      | Found a blossoming altar of Fedhas.
  5896 | D:4      | Noticed Ijyb
  5915 | D:4      | Killed Ijyb
  6059 | D:6      | Got a scorched chain mail
  6070 | D:6      | Identified the cursed +0 chain mail of Eternal Vigilance {+Fly rElec rF-} (You found it on level 6 of the Dungeon)
  6485 | D:6      | Found Rouguq's General Store.
  6486 | D:6      | Got a pitted dagger
  6492 | D:6      | Bought a potion of curing for 36 gold pieces
  6718 | D:7      | Got a warped dagger
  6849 | D:7      | Learned a level 1 spell: Infusion
  6862 | D:7      | Reached **** piety under Beogh
  6862 | D:7      | Reached XP level 10. HP: 70/86 MP: 10/10
  6895 | D:7      | Cast into level 1 of the Abyss (orc wizard)
  6911 | D:7      | Escaped the Abyss
  7053 | D:7      | Found a hazy altar of Hepliaklqana.
  7347 | D:7      | Reached skill level 10 in Maces & Flails
  7378 | D:7      | Found a white marble altar of Elyvilon.
  7434 | D:7      | Found a basalt altar of Yredelemnul.
  7797 | D:9      | Noticed a two-headed ogre
  7800 | D:9      | Killed a two-headed ogre
  8313 | D:9      | Noticed Gastronok
  8326 | D:9      | Killed Gastronok
  8370 | D:9      | Reached skill level 1 in Invocations
  8479 | D:9      | Found a staircase to the Lair.
  8700 | Lair:1   | Entered Level 1 of the Lair of Beasts
  8815 | Lair:1   | Reached XP level 11. HP: 82/95 MP: 11/11
  8920 | Lair:1   | Got a warped hand axe
  8921 | Lair:1   | Identified the cursed +1 hand axe "Orc's Peril" {flame, rN+ Dex+2 Stlth+} (You found it on level 1 of the Lair of Beasts)
  8941 | Lair:1   | Reached skill level 1 in Axes
  9448 | Lair:1   | Identified the +4 scimitar of Tartarus {slice, rElec MR+ Int-3 Stlth+} (You found it on level 1 of the Lair of Beasts)
  9609 | D:9      | Reached ***** piety under Beogh
  9740 | D:9      | Found an opulent altar of Gozag.
  9740 | D:9      | Found a snail-covered altar of Cheibriados.
  9740 | D:9      | Found a glowing silver altar of Zin.
  9740 | D:9      | Found a deep blue altar of Sif Muna.
  9747 | D:9      | Found a sparkling altar of Nemelex Xobeh.
  9749 | D:9      | Found an iron altar of Okawaru.
  9927 | D:10     | Entered Level 10 of the Dungeon
  9955 | D:10     | Noticed aragog127's ghost (journeyman TrBe)
  9981 | D:10     | Reached skill level 1 in Evocations
 10153 | D:10     | Found a flagged portal.
 10156 | D:10     | Noticed Erolcha
 10166 | D:10     | Killed Erolcha
 10176 | Bailey   | Entered a bailey
 10880 | Bailey   | Noticed an orc knight
 10916 | Bailey   | Killed an orc knight
 11153 | Bailey   | Noticed an orc knight
 11201 | Bailey   | Killed an orc knight
 11201 | Bailey   | Reached skill level 5 in Axes
 11392 | Bailey   | Noticed an orc knight
 11394 | Bailey   | Noticed an orc sorcerer
 11534 | Bailey   | Noticed an orc knight
 11558 | Bailey   | HP: 4/99 [orc knight/war axe (16)]
 12258 | Bailey   | Found an iron altar of Okawaru.
 12324 | Bailey   | Gained mutation: Your spells are a little easier to cast, but a little less powerful. [a neqoxec]
 12463 | Bailey   | Killed an orc sorcerer
 12602 | D:10     | Noticed Harold
 12603 | D:10     | Noticed Grum
 12609 | D:10     | Noticed a two-headed ogre
 12633 | D:10     | Noticed a two-headed ogre
 12637 | D:10     | Killed a two-headed ogre
 12637 | D:10     | Reached skill level 10 in Armour
 12639 | D:10     | Killed Harold
 12646 | D:10     | Killed a two-headed ogre
 12646 | D:10     | Reached skill level 10 in Fighting
 12650 | D:10     | Killed Grum
 13090 | Orc:1    | Entered Level 1 of the Orcish Mines
 13127 | Orc:1    | Reached XP level 12. HP: 65/106 MP: 13/13
 13519 | Lair:2   | Noticed a catoblepas
 13529 | Lair:2   | Killed a catoblepas
 13815 | Lair:2   | Reached ****** piety under Beogh
 14006 | Lair:2   | Found a staircase to the Swamp.
 14439 | Orc:2    | Entered Level 2 of the Orcish Mines
 14455 | Orc:1    | Noticed a two-headed ogre
 14459 | Orc:1    | Killed a two-headed ogre
 14475 | Orc:1    | Noticed an ettin
 14491 | Orc:1    | Gained Agrik as an ally
 14906 | Lair:3   | Found a staircase to the Snake Pit.
 15014 | Lair:3   | Gained Ugrim as an ally
 15635 | Lair:4   | Reached XP level 13. HP: 59/115 MP: 16/16
 16604 | Lair:4   | Reached skill level 10 in Long Blades
 16809 | Lair:6   | Entered Level 6 of the Lair of Beasts
 17062 | Lair:5   | Noticed Urug
 17321 | Lair:4   | Killed Urug
 17564 | Lair:5   | Noticed Snorg
 17571 | Lair:5   | Killed Snorg
 18629 | Lair:6   | Gained Bladwarg as an ally
 18820 | Lair:6   | Reached XP level 14. HP: 125/125 MP: 17/17
 19189 | Lair:6   | Got a brightly glowing long sword
 19190 | Lair:6   | Identified the cursed +1 long sword "Gorhol" {freeze, rElec} (You found it on level 6 of the Lair of Beasts)
 19281 | Lair:6   | Found a staircase to the Slime Pits.
 19473 | Lair:6   | Identified the +5 dagger of Charity {flame, Str+2} (You found it on level 7 of the Dungeon)
 20295 | D:10     | Killed aragog127's ghost
 20657 | Orc:1    | Reached skill level 10 in Shields
 21348 | D:11     | Identified the Disquisition on Earthen Hexes
 21532 | D:11     | Gained Wargath as an ally
 21575 | D:11     | Reached skill level 1 in Throwing
 21863 | D:12     | Found Nuus's Book Shoppe.
 21876 | D:12     | Found a glowing golden altar of the Shining One.
 21992 | D:12     | Found Ohenog's General Store.
 22003 | D:12     | Bought a scroll of brand weapon for 260 gold pieces
 22003 | D:12     | Bought a +0 cloak for 58 gold pieces
 22003 | D:12     | Bought a +6 battleaxe of chopping for 542 gold pieces
 22456 | D:12     | Found Wadadd's Book Boutique.
 22461 | D:12     | Found Diohoqud's Book Shop.
 23060 | D:13     | Noticed Kirke
 23077 | D:13     | Killed Kirke
 23102 | D:13     | Found Xilonue's Blood Bar.
 23110 | D:13     | Reached XP level 15. HP: 124/134 MP: 18/18
 23164 | D:13     | Gained Bogbrand as an ally
 23337 | D:13     | Your ally Bogbrand died
 24239 | D:14     | Gained Milork as an ally
 24502 | Orc:2    | Found a staircase to the Elven Halls.
 24675 | Orc:2    | Found Sopp's General Store.
 24676 | Orc:2    | Found Buriem's Distillery.
 24715 | Orc:2    | Bought a potion of might for 56 gold pieces
 24715 | Orc:2    | Bought a potion of heal wounds for 70 gold pieces
 24715 | Orc:2    | Bought a potion of curing for 42 gold pieces
 24715 | Orc:2    | Bought a potion of curing for 42 gold pieces
 24715 | Orc:2    | Bought a potion of might for 56 gold pieces
 24912 | Orc:2    | HP: 3/134 [orc priest/divine providence (16)]
 24912 | Orc:2    | Killed from afar by a soul eater

Skill      XL: |  1  2  3  4  5  6  7  8  9 10 11 12 13 14 15 |
---------------+----------------------------------------------+-----
Fighting       | 4 5 6 7 8 10 11 12 | 12.9
Long Blades    | 3 4 5 6 9 11 13 | 13.7
Armour         | 4 5 6 7 8 10 11 12 13 | 13.7
Shields        | 4 5 6 8 10 | 10.9
Dodging        | 1 2 3 |  3.6
Maces & Flails | 3 7 9 11 | 11.5
Stealth        | 1 3 4 |  4.1
Invocations    | 1 4 |  4.9
Axes           | 5 |  5.7
Evocations     | 1 |  1.5
Throwing       | 1 |  1.2

Action                   |  1- 3 |  4- 6 |  7- 9 | 10-12 | 13-15 || total
-------------------------+-------+-------+-------+-------+-------++-------
Melee: Long sword        |   124 |   148 |   155 |       |       ||   427
       Dire flail        |       |       |   236 |   144 |       ||   380
       Hand axe          |       |       |       |   271 |     8 ||   279
       Scimitar          |       |       |       |   253 |   790 ||  1043
Throw: Tomahawk          |       |       |       |    17 |     5 ||    22
       Javelin           |       |       |       |       |     5 ||     5
       Throwing net      |       |       |       |       |     1 ||     1
Invok: Convert to Beogh  |     1 |       |       |       |       ||     1
       Recall Orcish Fol |       |       |       |    16 |    14 ||    30
       Smiting           |       |       |       |     4 |     6 ||    10
       Give Item to Name |       |       |       |     1 |     5 ||     6
       Resurrection      |       |       |       |       |     2 ||     2
Evoke: Wand              |       |       |     3 |    11 |       ||    14
  Use: Scroll            |     3 |     9 |     4 |    17 |    12 ||    45
       Potion            |       |     2 |     5 |    14 |     6 ||    27
 Stab: Distracted        |       |       |       |     6 |     7 ||    13
       Paralysed         |       |       |       |     5 |       ||     5
       Petrified         |       |       |       |       |     2 ||     2
  Eat: Chunk             |     1 |     4 |     7 |     4 |    13 ||    29
       Ration            |       |       |     3 |     8 |     6 ||    17
Armor: Scale mail        |    67 |    78 |   123 |       |       ||   268
       Chain mail        |       |       |    41 |   172 |       ||   213
       Plate armour      |       |       |       |   111 |   426 ||   537
Dodge: Dodged            |    43 |    55 |   153 |   220 |   196 ||   667
Block: Shield            |    73 |    93 |   108 |   121 |   399 ||   794
       Buckler           |       |       |       |    60 |       ||    60
       Rpst.: Long sword |    15 |    14 |    16 |       |       ||    45
       Scimitar          |       |       |       |    28 |    45 ||    73
